 Dungeon Crawl Stone Soup version 0.31-a0-165-g3f4f80340b (webtiles) character file.

Game seed: 14051142188200050281

708 qw the Shooter (level 7, -6/64 HPs)
             Began as a Naga Hunter on June 13, 2023.
             Mangled by an ice beast (8 damage)
             ... on level 5 of the Dungeon.
             The game lasted 00:01:12 (3541 turns).

qw the Shooter (Naga Hunter)                        Turns: 3541, Time: 00:01:12

Health: -6/64      AC:  3    Str: 18    XL:     7   Next: 67%
Magic:  7/7        EV: 15    Int:  9    God:
Gold:   276        SH:  0    Dex: 20    Spells: 6/6 levels left

rFire   . . .        Y - +0 shortbow (flame)
rCold   . . .        (shield currently unavailable)
rNeg    . . .        c - +0 leather armour
rPois   +            (no helmet)
rElec   .            (no cloak)
rCorr   .            (no gloves)
SInv    +            (no barding)
Will    .....        (no amulet)
Stlth   ++           d - +5 ring of evasion
HPRegen 0.30/turn    j - +6 ring of strength
MPRegen 0.10/turn

%: no passive effects
@: very slow
A: AC +2, large, see invisible, deformed body, poison resistance, slowness 2,
spit poison 1, naga tail 1, agile 1, screaming 1
a: Spit Poison


You were on level 5 of the Dungeon.
You visited 1 branch of the dungeon, and saw 5 of its levels.

You collected 276 gold pieces.


Innate Abilities, Weirdness & Mutations

Your serpentine skin is tough. (AC +2)
You have supernaturally acute eyesight. (SInv)
Armour fits poorly on your strangely shaped body.
Your system is resistant to poisons. (rPois)
You cover ground very slowly.
You can spit poison.
You have a snake-like lower body.
You are agile. (Dex +4, Str/Int -1)
You occasionally shout uncontrollably at your foes.


   Skills:
 - Level 4.1 Fighting
 + Level 7.5 Ranged Weapons
 - Level 2.0 Dodging
 - Level 1.5 Stealth


You had 6 spell levels left.
You didn't know any spells.
Your spell library was empty.

Inventory:

Hand Weapons
 Y - a +0 shortbow of flaming (weapon)
Armour
 c - a +0 leather armour (worn)
Jewellery
 d - a +5 ring of evasion (left hand)
 j - a +6 ring of strength (right hand)
Scrolls
 a - 3 scrolls of identify
Potions
 f - a potion of curing
 h - a potion of haste
 k - a potion of heal wounds {unknown}
 l - a potion of mutation

Dungeon Overview and Level Annotations

Branches:
Dungeon (5/15)
 Temple: D:4-7

Altars:
Sif Muna

Shops:
D:3 :


Message History

Enter note:
Enter note: You now have 276 gold pieces (gained 10).
An ice beast comes into view.
Enter note:
Enter note:
Enter note: You shoot an arrow.
The arrow hits the ice beast but does no damage.
You shoot an arrow. The arrow barely misses the ice beast.
You shoot an arrow. The arrow hits the ice beast.
The arrow melts the ice beast.
The ice beast is lightly wounded.
You shoot an arrow.
The arrow hits the ice beast but does no damage.
The ice beast is lightly wounded.
You shoot an arrow. The arrow barely misses the ice beast.
The ice beast hits you. The ice beast freezes you!
You shoot an arrow.
The arrow hits the ice beast but does no damage.
The ice beast is lightly wounded.
The ice beast closely misses you.
You shoot an arrow. The arrow hits the ice beast!
The arrow melts the ice beast.
The ice beast is heavily wounded.
The ice beast hits you. The ice beast freezes you!
You shoot an arrow.
The arrow hits the ice beast but does no damage.
The ice beast is heavily wounded.
The ice beast hits you. The ice beast freezes you!
You shoot an arrow. The arrow closely misses the ice beast.
The ice beast hits you. The ice beast freezes you!
You shoot an arrow. The arrow closely misses the ice beast.
The ice beast closely misses you.
You shoot an arrow. The arrow closely misses the ice beast.
The ice beast hits you. The ice beast freezes you!
You shoot an arrow. The arrow closely misses the ice beast.
The ice beast barely misses you.
You shoot an arrow. The arrow hits the ice beast.
The arrow melts the ice beast.
The ice beast is severely wounded.
The ice beast misses you. The ice beast hits you. The ice beast freezes you!
You die...

#.......#.#...<......
#.........#.........<
##.......###..........
#..#%##...##.####..##
##.#>.##.#.##..##..##
.........#>.......
##...#..####...### #.
##...#.......
#..#.@Y......
#####..###... ..## .<
#.## #. .. #. ..


You could see an ice beast.

Vanquished Creatures
  2 black bears (D:5)
  2 ogres
  Blork the orc (D:4)
  A scorpion (D:4)
  A hound (D:4)
  4 iguanas
  4 adders
  An ufetubus (D:5)
  A worm (D:3)
  2 dart slugs
  3 orcs
  2 bats (D:1)
  5 endoplasms
  6 giant cockroaches
  4 goblins
  7 hobgoblins
  2 jackals (D:4)
  5 quokkas
  4 ball pythons
  A frilled lizard (D:3)
  11 kobolds
  4 rats
73 creatures vanquished.

Notes
Turn   | Place    | Note
-------+----------+-------------------------------------------
     0 | D:1      | qw the Naga Hunter began the quest for the Orb.
     0 | D:1      | Reached XP level 1. HP: 19/19 MP: 1/1
     0 | D:1      | 0 ||| qw: Version: 0.2-a-29-gc1b59c4
     0 | D:1      | 0 ||| qw: Game counter: 4646
     0 | D:1      | 0 ||| qw: Always use a shield: true
     0 | D:1      | 0 ||| qw: God list: Okawaru
     0 | D:1      | 0 ||| qw: Allow faded altars: false
     0 | D:1      | 0 ||| qw: Do Orc after D:15 true
     0 | D:1      | 0 ||| qw: Do second Lair branch before Depths: true
     0 | D:1      | 0 ||| qw: Lair rune preference: random
     0 | D:1      | 0 ||| qw: Plans: Normal
     0 | D:1      | 0 ||| PLANNING D:1-11
    46 | D:1      | 46 ||| INVOKING Spit Poison.
   169 | D:1      | 169 ||| INVOKING Spit Poison.
   179 | D:1      | 179 ||| INVOKING Spit Poison.
   185 | D:1      | Reached skill level 4 in Ranged Weapons
   185 | D:1      | Reached XP level 2. HP: 25/26 MP: 2/2
   185 | D:1      | 185 ||| INVOKING Spit Poison.
   191 | D:1      | 191 ||| INVOKING Spit Poison.
   194 | D:1      | 194 ||| INVOKING Spit Poison.
   239 | D:1      | 239 ||| INVOKING Spit Poison.
   255 | D:1      | 255 ||| INVOKING Spit Poison.
   287 | D:1      | 287 ||| INVOKING Spit Poison.
   341 | D:1      | 341 ||| INVOKING Spit Poison.
   586 | D:1      | 586 ||| INVOKING Spit Poison.
   616 | D:1      | 616 ||| INVOKING Spit Poison.
   622 | D:1      | 622 ||| INVOKING Spit Poison.
   625 | D:1      | Reached XP level 3. HP: 28/32 MP: 3/3
   640 | D:1      | 640 ||| INVOKING Spit Poison.
   643 | D:1      | 643 ||| INVOKING Spit Poison.
   666 | D:1      | 666 ||| INVOKING Spit Poison.
   682 | D:1      | 682 ||| INVOKING Spit Poison.
   694 | D:1      | 694 ||| INVOKING Spit Poison.
   784 | D:1      | 784 ||| UPGRADING to +5 ring of evasion.
   785 | D:1      | 785 ||| READING scroll labelled ORIDGH XICOFIKOW.
   786 | D:1      | 786 ||| READING scroll labelled VYMULE MUMEJIQ.
   787 | D:1      | 787 ||| READING scroll labelled AVIWOGYQAY.
   788 | D:1      | 788 ||| DRINKING 2 grey potions.
   789 | D:1      | 789 ||| DROPPING scroll of butterflies.
   869 | D:2      | 869 ||| INVOKING Spit Poison.
   928 | D:2      | 928 ||| INVOKING Spit Poison.
   932 | D:2      | 932 ||| INVOKING Spit Poison.
   956 | D:2      | 956 ||| INVOKING Spit Poison.
   974 | D:2      | Found a shimmering blue altar of Sif Muna.
  1127 | D:2      | 1127 ||| INVOKING Spit Poison.
  1269 | D:2      | 1269 ||| UPGRADING to +6 ring of strength.
  1270 | D:2      | 1270 ||| READING 4 scrolls labelled RIDEGAOM QOMY.
  1271 | D:2      | 1271 ||| READING scroll labelled KOUMAG MAROW.
  1272 | D:2      | 1272 ||| READING scroll labelled MUFYOKK KAYSHU.
  1273 | D:2      | 1273 ||| DRINKING 2 glowing dark potions.
  1274 | D:2      | 1274 ||| READING 3 scrolls of identify.
  1274 | D:2      | 1274 ||| IDENTIFYING fizzy purple potion
  1275 | D:2      | 1275 ||| READING 2 scrolls of identify.
  1275 | D:2      | 1275 ||| IDENTIFYING viscous white potion
  1276 | D:2      | 1276 ||| DROPPING potion of lignification.
  1277 | D:2      | 1277 ||| DROPPING potion of enlightenment.
  1278 | D:2      | 1278 ||| DROPPING potion of attraction.
  1343 | D:3      | 1343 ||| INVOKING Spit Poison.
  1389 | D:3      | 1389 ||| INVOKING Spit Poison.
  1410 | D:3      | 1410 ||| INVOKING Spit Poison.
  1535 | D:3      | 1535 ||| INVOKING Spit Poison.
  1619 | D:3      | Found a faded altar of an unknown god.
  1620 | D:3      | 1620 ||| INVOKING Spit Poison.
  1657 | D:3      | 1657 ||| INVOKING Spit Poison.
  1658 | D:3      | 1658 ||| INVOKING Spit Poison.
  1687 | D:3      | Found Terasoh's Book Shoppe.
  1940 | D:3      | 1940 ||| INVOKING Spit Poison.
  1945 | D:3      | Reached skill level 5 in Ranged Weapons
  1945 | D:3      | Reached XP level 4. HP: 39/39 MP: 4/4
  1978 | D:3      | 1978 ||| INVOKING Spit Poison.
  2027 | D:3      | 2027 ||| READING scroll labelled ICOITO XIHU.
  2030 | D:3      | 2030 ||| READING 2 scrolls of identify.
  2030 | D:3      | 2030 ||| IDENTIFYING bubbling coppery potion
  2031 | D:3      | 2031 ||| DROPPING potion of ambrosia.
  2042 | D:3      | 2042 ||| INVOKING Spit Poison.
  2087 | D:4      | 2087 ||| INVOKING Spit Poison.
  2093 | D:4      | 2093 ||| INVOKING Spit Poison.
  2098 | D:4      | 2098 ||| INVOKING Spit Poison.
  2101 | D:4      | 2101 ||| INVOKING Spit Poison.
  2110 | D:4      | Noticed a scorpion
  2112 | D:4      | 2112 ||| INVOKING Spit Poison.
  2116 | D:4      | 2116 ||| INVOKING Spit Poison.
  2121 | D:4      | 2121 ||| INVOKING Spit Poison.
  2121 | D:4      | Killed a scorpion
  2122 | D:4      | Reached skill level 3 in Fighting
  2122 | D:4      | Reached XP level 5. HP: 31/49 MP: 5/5
  2127 | D:4      | 2127 ||| INVOKING Spit Poison.
  2342 | D:4      | Noticed Blork the orc
  2343 | D:4      | 2343 ||| INVOKING Spit Poison.
  2349 | D:4      | 2349 ||| INVOKING Spit Poison.
  2351 | D:4      | Killed Blork the orc
  2455 | D:4      | 2455 ||| INVOKING Spit Poison.
  2458 | D:4      | Reached XP level 6. HP: 56/56 MP: 6/6
  2504 | D:4      | 2504 ||| INVOKING Spit Poison.
  2509 | D:4      | Reached skill level 6 in Ranged Weapons
  2597 | D:4      | 2597 ||| INVOKING Spit Poison.
  2618 | D:4      | 2618 ||| INVOKING Spit Poison.
  2625 | D:4      | 2625 ||| INVOKING Spit Poison.
  2679 | D:4      | 2679 ||| INVOKING Spit Poison.
  2744 | D:4      | 2744 ||| INVOKING Spit Poison.
  2750 | D:4      | 2750 ||| INVOKING Spit Poison.
  2866 | D:4      | 2866 ||| INVOKING Spit Poison.
  3019 | D:4      | 3019 ||| INVOKING Spit Poison.
  3061 | D:4      | 3061 ||| DROPPING ring of magical power.
  3062 | D:4      | 3062 ||| READING scroll labelled ROPHUPREPN.
  3063 | D:4      | 3063 ||| READING scroll labelled OSUNEMUEPE.
  3164 | D:4      | 3164 ||| DRINKING 2 fizzy orange potions.
  3164 | D:4      | Gained mutation: You are agile. (Dex +4, Str/Int -1)
                  | [potion of mutation]
  3164 | D:4      | Gained mutation: You occasionally shout uncontrollably at
                  | your foes. [potion of mutation]
  3165 | D:4      | 3165 ||| READING 3 scrolls of identify.
  3165 | D:4      | 3165 ||| IDENTIFYING metallic white potion
  3166 | D:4      | 3166 ||| READING 2 scrolls of identify.
  3166 | D:4      | 3166 ||| IDENTIFYING fizzy pink potion
  3167 | D:4      | 3167 ||| DROPPING potion of degeneration.
  3191 | D:5      | Entered Level 5 of the Dungeon
  3192 | D:5      | 3192 ||| INVOKING Spit Poison.
  3196 | D:5      | 3196 ||| INVOKING Spit Poison.
  3203 | D:5      | 3203 ||| INVOKING Spit Poison.
  3208 | D:5      | Reached XP level 7. HP: 64/64 MP: 7/7
  3221 | D:5      | 3221 ||| INVOKING Spit Poison.
  3226 | D:5      | 3226 ||| INVOKING Spit Poison.
  3229 | D:5      | 3229 ||| INVOKING Spit Poison.
  3239 | D:5      | 3239 ||| INVOKING Spit Poison.
  3250 | D:5      | 3250 ||| INVOKING Spit Poison.
  3254 | D:5      | 3254 ||| INVOKING Spit Poison.
  3256 | D:5      | Reached skill level 7 in Ranged Weapons
  3368 | D:5      | 3368 ||| INVOKING Spit Poison.
  3373 | D:5      | 3373 ||| INVOKING Spit Poison.
  3376 | D:5      | 3376 ||| INVOKING Spit Poison.
  3498 | D:5      | 3498 ||| INVOKING Spit Poison.
  3537 | D:5      | HP: 16/64 [ice beast (8)]
  3539 | D:5      | HP: 4/64 [ice beast (11)]
  3541 | D:5      | Mangled by an ice beast

Levels and vault maps discovered:
D:1:      lemuel_arrival_tunnels, layout_basic, minmay_hexomino_u4
D:2:      layout_basic, basic_altar
D:3:      layout_loops_corners, ebering_ecumenical_altar_sacrificial,
          serial_shops, shop, dreamdust_wishing_well
D:4:      layout_basic, uniq_blork_the_orc
D:5:      layout_rooms, gammafunk_ghost_abyssal_escape

Skill      XL: |  1  2  3  4  5  6  7 |
---------------+----------------------+-----
Ranged Weapons | 4 5 6 7 |  7.5
Fighting       | 3 4 |  4.1
Dodging        | 2 |  2.0
Stealth        | |  1.5

Action                     |  1- 3 |  4- 6 |  7- 9 || total
---------------------------+-------+-------+-------++-------
   Fire: Shortbow          |    73 |    77 |    35 ||   185
Ability: Spit Poison       |    29 |    25 |    10 ||    64
    Use: Scroll            |     8 |     6 |       ||    14
         Potion            |     2 |     1 |       ||     3
 Armour: Leather armour    |     5 |     5 |     1 ||    11
  Dodge: Dodged            |    21 |    37 |    19 ||    77

Table legend:
 A = Non-vault XP
 B = Vault XP
 C = Vault XP percentage of total XP
 D = Non-vault monster count
 E = Vault monster count
 F = Vault count percentage of total count
                 A         B        C        D         E       F
            +---------+---------+-------+---------+---------+-------
      Total |     919 |      93 |   9.2 |      68 |       5 |   6.8
            +---------+---------+-------+---------+---------+-------
        D:1 |      38 |       6 |  13.6 |      20 |       4 |  16.7
        D:2 |      21 |       0 |   0.0 |       5 |       0 |   0.0
        D:3 |      24 |       0 |   0.0 |      12 |       0 |   0.0
        D:4 |     390 |      87 |  18.2 |      20 |       1 |   4.8
        D:5 |     446 |       0 |   0.0 |      11 |       0 |   0.0
            +---------+---------+-------+---------+---------+-------
